 Dungeon Crawl Stone Soup version 0.26.1-11-gd32895ea62 (webtiles) character file.

Game seed: 12147997406469100734

207 Theotherone the Vexing (level 5, -3/24 HPs)
             Began as a Spriggan Enchanter on June 13, 2021.
             Killed by divine providence
             ... invoked by an orc priest
              (16 damage)
             ... on level 3 of the Dungeon.
             The game lasted 00:16:36 (4015 turns).

Theotherone the Vexing (Spriggan Enchanter)         Turns: 4015, Time: 00:16:36

Health: -3/24      AC:  3    Str:  4    XL:     5   Next: 54%
Magic:  1/10       EV: 18    Int: 17    God:
Gold:   194        SH:  0    Dex: 17    Spells: 3/9 levels left

rFire    . . .     SeeInvis +   a - +1 dagger
rCold    . . .     Faith    +   (shield restricted)
rNeg     . . .     Spirit   .   q - +1 animal skin
rPois    .         Reflect  .   (helmet restricted)
rElec    .         Harm     .   (no cloak)
rCorr    .         Rampage  .   (gloves unavailable)
Will     .....                  (boots unavailable)
Stlth    +++.......             d - amulet of faith
HPRegen  0.08/turn              (no ring)
MPRegen  0.12/turn              (no ring)

@: very quick
A: very small, unfitting armour, see invisible, speed 3
a: no special abilities


You were on level 3 of the Dungeon.
You visited 1 branch of the dungeon, and saw 3 of its levels.

You collected 194 gold pieces.

Inventory:

Hand Weapons
 a - a +1 dagger (weapon)
 l - a -2 spear
Missiles
 h - 4 curare-tipped darts
Armour
 b - a +0 robe
 q - a +1 animal skin (worn)
Jewellery
 d - an amulet of faith (around neck)
Wands
 o - a wand of random effects (15)
Scrolls
 e - a scroll of fog
 g - 3 scrolls of amnesia
 i - a scroll of identify {@r1}
 j - a scroll of remove curse
 s - a scroll of immolation
 t - a scroll of enchant weapon {unknown}
 v - 2 scrolls of magic mapping
Potions
 c - 3 potions of curing
 k - 2 potions of brilliance {unknown}
 m - a potion of heal wounds {unknown}
 n - 2 potions of cancellation {unknown}
 p - 2 potions of flight {unknown}
 r - a potion of resistance {unknown}
 u - 2 potions of berserk rage {unknown}


   Skills:
 - Level 1.1 Short Blades
 - Level 3.0 Dodging
 + Level 6.2 Stealth
 - Level 2.6 Spellcasting
 + Level 6.8 Hexes


You had 3 spell levels left.
You knew the following spells:

 Your Spells              Type           Power        Failure   Level
a - Corona                Hex            27%          1%          1
b - Ensorcelled Hibernat  Hex/Ice        26%          7%          2
c - Confusing Touch       Hex            25%          3%          3

Your spell library contained the following spells:

 Spells                   Type           Power        Failure   Level
 Tukima's Dance           Hex            25%          3%          3
 Dazzling Flash           Conj/Hex       26%          13%         3


Dungeon Overview and Level Annotations

Branches:
Dungeon (3/15)

Altars:
Kikubaaqudgha
Okawaru


Innate Abilities, Weirdness & Mutations

You are very small and have problems with some larger weapons.
You are too small for most types of armour.
You have supernaturally acute eyesight. (SInv)
You cover ground extremely quickly.


Message History

The orc priest barely misses you.
Your magical contamination has completely faded away.
You closely miss the orc priest.
The orc priest is lightly wounded.
The orc priest calls down the wrath of Beogh upon you.
Beogh smites you!
* * * LOW HITPOINT WARNING * * *
You closely miss the orc priest.
The orc priest is lightly wounded.
The orc priest completely misses you.
It was a potion of curing.
You feel better. The orc priest barely misses you.
Press: ? - help, v - describe, . - travel
Here: an orc priest, wielding a +0 club (lightly wounded)
The floor.
Unknown command.
The orc priest closely misses you.
The orc priest mumbles some strange prayers to Beogh against you.
Beogh smites you!
Ouch! That really hurt!
You die...

#....### #.....# #......)#
.....<.# ###.### ###.....#
##.###.# ###.# #.....# ##.#
#.# #...# ###.###
##.###.###### #.### #####.#
.....#......# #.# ##...#.#
##.#.#.####.# #.# #.###..###
#.#.#.# #.# #.# #.#.......
#.#.#.####.# #@# #.#.#..###
#.#.....##.## #.# ##...#.#
#.#.###.#...###o########...#.#
#.#.# #....................#.#
#.#.###.#...############...#.#
#.#......###.######..........#
#.#.#.#.## ##.....>.#.########
#.....#..###.######...#
###.###.#.#........####


You could see an orc priest.

Vanquished Creatures
  2 orc priests (D:3)
  Robin (D:3)
  7 adders
  A worm (D:3)
  A dart slug (D:3)
  A leopard gecko (D:3)
  4 orcs (D:3)
  3 giant cockroaches
  10 goblins
  9 hobgoblins
  3 jackals (D:2)
  3 quokkas
  2 ball pythons (D:1)
  3 bats
  2 frilled lizards
  5 kobolds
  8 rats
65 creatures vanquished.

Notes
Turn   | Place    | Note
-------+----------+-------------------------------------------
     0 | D:1      | Theotherone the Spriggan Enchanter began the quest for the
                  | Orb.
     0 | D:1      | Reached XP level 1. HP: 9/9 MP: 5/5
   393 | D:1      | Reached XP level 2. HP: 13/13 MP: 6/6
   396 | D:1      | Learned a level 2 spell: Ensorcelled Hibernation
   453 | D:1      | Reached skill level 5 in Stealth
  1316 | D:2      | Reached skill level 5 in Hexes
  1316 | D:2      | Reached XP level 3. HP: 16/16 MP: 8/8
  1320 | D:2      | Learned a level 3 spell: Confusing Touch
  1480 | D:2      | Found an iron altar of Okawaru.
  2435 | D:2      | Reached XP level 4. HP: 21/21 MP: 4/9
  2560 | D:3      | Noticed Robin
  2673 | D:3      | Killed Robin
  2928 | D:3      | Reached XP level 5. HP: 24/24 MP: 5/10
  3172 | D:3      | Found an ancient bone altar of Kikubaaqudgha.
  4015 | D:3      | Killed from afar by an orc priest

Illustrated notes

Levels and vault maps discovered:
D:1:      tarquinn_simple_flora_water_a, layout_loops_ring
D:2:      layout_loops_ring, okawaru_metal_pillars_3, minmay_pentomino_q2
D:3:      layout_loops_ring, nicolae_overflow_crystal_walls, uniq_robin

Skill      XL: |  1  2  3  4  5 |
---------------+----------------+-----
Hexes          | 4 5 6 |  6.8
Stealth        | 5 6 |  6.2
Short Blades   | |  1.1
Dodging        | |  3.0
Spellcasting   | |  2.6

Action                   |  1- 3 |  4- 6 || total
-------------------------+-------+-------++-------
Melee: Dagger            |   121 |    97 ||   218
 Cast: Corona            |     7 |       ||     7
       Ensorcelled Hiber |    14 |    26 ||    40
  Use: Scroll            |     8 |     1 ||     9
       Potion            |     1 |     1 ||     2
 Stab: Sleeping          |    20 |    18 ||    38
       Distracted        |     1 |       ||     1
Armor: Robe              |     7 |     2 ||     9
       Skin              |    10 |       ||    10
       Animal skin       |       |     3 ||     3
Dodge: Dodged            |   100 |    91 ||   191
